 Dungeon Crawl Stone Soup version 0.21.0-3-g78d12a8 (webtiles) character file.

58 sagitran the Grave Robber (level 3, -7/24 HPs)
             Began as a Mummy Necromancer on Jan 8, 2018.
             Mangled by a goblin
             ... wielding a +0 club
             ... led by Robin
              (9 damage)
             ... on level 1 of the Dungeon.
             The game lasted 00:06:46 (1302 turns).

sagitran the Grave Robber (Mummy Necromancer)       Turns: 1302, Time: 00:06:47

Health: -7/24      AC:  4    Str: 11    XL:     3   Next: 75%
Magic:  4/7        EV: 12    Int: 15    God:
Gold:   85         SH:  0    Dex: 12    Spells: 6/8 levels left

rFire    x . .     SeeInvis .   e - +0 club
rCold    + . .     Gourm    .   (no shield)
rNeg     + + +     Faith    .   a - +0 robe
rPois    ∞         Spirit   .   (no helmet)
rElec    .         Reflect  .   (no cloak)
rCorr    .         Harm     .   c - +0 pair of gloves
MR       .....                  g - +0 pair of boots
Stlth    ++........             (no amulet)
HPRegen  0.08/turn              h - ring of flight
MPRegen  0.10/turn              (no ring)

@: no status effects
A: no food or potions, fire vulnerability, cold resistance 1, negative energy
resistance 3, torment resistance, unbreathing
a: Evoke Flight


You were on level 1 of the Dungeon.
You were not hungry.

You visited 1 branch of the dungeon, and saw 2 of its levels.

You collected 85 gold pieces.

Inventory:

Hand Weapons
 e - a +0 club (weapon)
Armour
 a - a +0 robe (worn)
 c - a +0 pair of gloves (worn)
 g - a +0 pair of boots (worn)
 j - a +0 ring mail
Jewellery
 h - a ring of flight (left hand)
Scrolls
 d - a scroll of noise {unknown}
 f - 5 scrolls of remove curse {unknown}
 i - 2 scrolls of identify {unknown}
Books
 b - a book of Necromancy

   Spells                             Type                      Level
   a - Pain                           Necromancy                   1
   b - Animate Skeleton               Necromancy                   1
   c - Vampiric Draining              Necromancy                   3
   d - Regeneration                   Charms/Necromancy            3
   e - Animate Dead                   Necromancy                   4
   f - Borgnjor's Vile Clutch         Necromancy/Earth             5


   Skills:
 + Level 0.1 Fighting
 + Level 0.2 Maces & Flails
 + Level 2.0 Dodging
 + Level 1.8 Stealth
 + Level 3.3 Spellcasting
 + Level 4.7 Necromancy


You had 6 spell levels left.
You knew the following spells:

 Your Spells              Type           Power        Failure   Level  Hunger
a - Pain                  Necr           ###.         2%          1    N/A
b - Animate Skeleton      Necr           N/A          2%          1    N/A

Dungeon Overview and Level Annotations

Branches:
Dungeon (2/15)

Altars:

Annotations:
D:2 Robin


Innate Abilities, Weirdness & Mutations

You do not eat or drink.
Your flesh is vulnerable to fire.
You are immune to poison.
Your flesh is cold resistant. (rC+)
You are immune to negative energy. (rN+++)
You are immune to unholy pain and torment.
You can survive without breathing.


Message History

Aim: a hobgoblin, wielding a club (unusually strong, chance to defeat MR: 87%)
The hobgoblin writhes in agony!
The hobgoblin closely misses you. The goblin hits you but does no damage.
Casting: Pain
Confirm with . or Enter, or press ? or * to list all spells.
Aiming: Pain
Press: ? - help, Shift-Dir - straight line, f/p - hobgoblin
Aim: a hobgoblin, wielding a club (almost dead, unusually strong, chance to defeat MR: 87%)
The hobgoblin writhes in agony!
You kill the hobgoblin!
The goblin hits you with a club.
* * * LOW HITPOINT WARNING * * *
The goblin hits you but does no damage.
Casting: Pain
Confirm with . or Enter, or press ? or * to list all spells.
Aiming: Pain
Press: ? - help, Shift-Dir - straight line, f - goblin
Aim: a goblin, wielding a club (unusually strong, chance to defeat MR: 87%)
The goblin writhes in agony!
The goblin hits you with a club!
You die...

#####..........####.####.#..%..#.
....'..........# #.#..........#.
#####....Z.....# #.#.#........#.
#########'#####+#+#..#.#####.
####..........###.......
#.............'.......## #
#.............###.###.# #
#......g...#..# #.# #Z# #
#......@...#..# #.# #Z# #
#......g)..#..# #.# #.# #
#..........#..###.###.# #
######..##.#........#.# #
##.##.#.....Z#.#.# #
#......####Z#.#.# # ##...#.#
#Z#.#.# # ##..##.# #Z#.#.# ##
#......# #Z#.#%#


You could see 2 goblins.

Vanquished Creatures
  An iguana (D:2)
  A leopard gecko (D:2)
  2 giant cockroaches (D:1)
  2 goblins (D:1)
  3 hobgoblins (D:1)
  4 jackals (D:2)
  A ball python (D:2)
  5 bats
  2 frilled lizards (D:1)
  2 kobolds
  A rat (D:2)
24 creatures vanquished.

Vanquished Creatures (collateral kills)
  A bat (D:1)
  3 goblins (D:1)
  A frilled lizard (D:1)
5 creatures vanquished.

Grand Total: 29 creatures vanquished

Notes
Turn   | Place    | Note
-------+----------+-------------------------------------------
     0 | D:1      | sagitran the Mummy Necromancer began the quest for the Orb.
     0 | D:1      | Reached XP level 1. HP: 13/13 MP: 4/4
   133 | D:1      | Learned a level 1 spell: Animate Skeleton
   229 | D:1      | Reached XP level 2. HP: 11/19 MP: 3/5
   625 | D:2      | Reached XP level 3. HP: 8/24 MP: 0/7
  1264 | D:2      | Noticed Robin
  1302 | D:1      | Mangled by a goblin

Skill      XL: |  1  2  3 |
---------------+----------+-----
Spellcasting   | 3 |  3.3
Dodging        | 2 |  2.0
Fighting       | |  0.1
Maces & Flails | |  0.2
Stealth        | |  1.8
Necromancy     | |  4.7

Action                   || total
-------------------------++-------
Melee: Unarmed           ||     9
       Club              ||    50
 Cast: Pain              ||    26
       Animate Skeleton  ||     6
 Stab: Sleeping          ||     2
Armor: Robe              ||    27
Dodge: Dodged            ||    66
